AoeStats
← 体制少妇白洁

Pilgrims

508662255Analyzed
4v4 RM · 8d ago on Sep 23, 2026· 17m 55s· 8 players
Game mode
Random Map
Map size
Large (8 player)
Population
200
Speed
Normal
Resources
Standard
Victory
Conquest
Starting age
Dark Age
Ending age
Imperial Age
RankedLock teamsTeams togetherTeam positionsShared explorationLock speedFull tech treeHidden civsTurbo modeCheats
Victory
Defeat
🇨🇳 Japanese · China
1515
+13
🇭🇰 Danes · Hong Kong SAR China
1494
+13
🇨🇳 Vietnamese · China
1391
+18
1479
-17
🇦🇷 Persians · Argentina
1441
-16
🇭🇰 Celts · Hong Kong SAR China
1414
-15
🇨🇳 Franks · China
1398
-14
crazy ant
7:29 Loom
12:36 Feudal Age
16:24 Castle Age
14:45 Fishing Lines
16:41 Forging
17:15 Fletching
17:14 Double-Bit Axe
前三十分钟没有我
5:21 Loom
10:30 Feudal Age
14:17 Castle Age
13:25 Gold Mining
13:49 Double-Bit Axe
16:34 Sanctity
三十分钟后没有我
10:33 Loom
12:28 Feudal Age
14:07 Double-Bit Axe
17:31 Castle Age
15:16 Loom
16:49 Horse Collar
418436883
4:35 Loom
12:23 Feudal Age
14:33 Double-Bit Axe
17:16 Castle Age
18:10 Medium Warships
夫国之有民,犹水之有舟,停则以安,扰则以危
11:34 Feudal Age
11:48 Loom
12:34 Double-Bit Axe
12:31 Fishing Lines
15:30 Castle Age
16:37 Bow Saw
16:21 Gillnets
FoLuo
10:24 Loom
12:45 Feudal Age
13:23 Double-Bit Axe
19:17 Castle Age
18:18 Forging
cookie tin
4:55 Loom
10:58 Feudal Age
11:33 Town Watch
11:36 Double-Bit Axe
12:02 Fishing Lines
12:53 Gold Mining
14:43 Fletching
15:55 Wheelbarrow
19:09 Castle Age
体制少妇白洁
Connection lost

Rejoining the realm…

Still unreachable

The connection could not be restored.

Session expired

The server has moved on; the page needs a fresh start.